Map: Magannatha LE

Players

hani

  • Race: Terran Terran
  • League: Gold
  • Spawn Location: 11:00

ManlyManMeat - Winner!

  • Race: Protoss Protoss
  • League: Master
  • Spawn Location: 5:00

VOD

Have the link to the VOD?

Description

Time

  • Played on: June 13, 2025, 5:10 p.m.
  • Length: 16:26
Show
View Real Time Build Order
Export as new Build Order

hani Terran 

Build Orders: 2 Factory, Mech 

Get SALT Encoding   

  12  0:00  SCV  
  13  0:12  SCV  
  14  0:21  Supply Depot  
  14  0:24  SCV  
  16  0:42  SCV  
  16  0:45  Barracks  
  16  0:55  SCV  
  17  1:06  Refinery  
  17  1:07  Refinery  
  16  1:22  SCV  
  16  1:23  Supply Depot  
  17  1:45  SCV, Marine  
  19  1:56  Factory  
  19  1:57  SCV  
  20  2:03  Marine  
  21  2:09  SCV  
  21  2:12  Factory  
  22  2:21  Marine  
  23  2:29  SCV  
  24  2:40  Marine  
  24  2:41  Factory Tech Lab  
  24  2:43  SCV  
  26  2:47  Barracks  
  26  2:57  Factory Tech Lab  
  26  3:01  Siege Tank  
  29  3:07  Marine  
  30  3:13  Supply Depot  
  30  3:23  Orbital Command  
  30  3:34  Siege Tank  
  30  3:37  Barracks Tech Lab  
  33  3:48  Siege Tank  
  33  3:53  Marine  
  37  4:02  Stimpack  
  37  4:11  Marine  
  38  4:18  Marine  
  39  4:26  Supply Depot  
  39  4:39  Marine  
  39  4:43  Siege Tank  
  37  4:46  Marine  
  37  4:57  Marine  
  38  5:04  Marine  
  38  5:12  Siege Tank  
  36  5:15  Siege Tank, Marine  
  37  5:22  Marine  
  37  5:33  Marine, Engineering Bay  
  36  5:39  Marine  
  37  5:51  Marine  
  38  5:57  Siege Tank x2, Marine  
  45  6:08  Marine  
  45  6:10  Command Center  
  45  6:11  Starport  
  46  6:17  Missile Turret  
  46  6:30  Barracks Tech Lab  
  46  7:08  Marine  
  46  7:15  Terran Infantry Weapons Level 1  
  47  7:16  Supply Depot x2  
  47  7:19  Armory  
  47  7:20  Combat Shield  
  47  7:21  Cyclone, Marine  
  51  7:26  Marine  
  52  7:39  Marine  
  52  7:42  Factory  
  52  7:44  Marine  
  53  7:46  Hellion  
  53  7:48  Orbital Command  
  53  7:50  SCV  
  57  7:57  Marine  
  58  8:01  Marine  
  59  8:10  Missile Turret, SCV  
  60  8:17  SCV  
  61  8:23  SCV  
  61  8:26  Factory Tech Lab  
  62  8:37  Terran Vehicle Weapons Level 1  
  62  8:53  Starport Tech Lab  
  62  8:59  Infernal Pre-Igniter  
  60  9:07  Marine x2  
  60  9:08  Siege Tank  
  56  9:24  Marine  
  56  9:25  Marine  
  58  9:41  Barracks  
  58  9:42  Marine  
  58  9:43  Marine  
  57  10:00  Marine x2  
  59  10:07  SCV x2  
  61  10:18  Marine x2  
  61  10:19  SCV  
  61  10:20  SCV  
  65  10:31  SCV  
  65  10:32  SCV  
  67  10:36  Marine x3  
  67  10:41  Siege Tank  
  67  10:42  Siege Tank  
  76  10:44  SCV x2  
  78  11:20  Engineering Bay x2  
  78  11:24  Refinery  
  78  11:26  Refinery  
  78  11:36  Command Center  
  78  11:47  Supply Depot x3  
  78  11:54  Terran Infantry Armor Level 1  
  78  12:07  Barracks Reactor  
  78  12:08  Medivac, SCV, Marine x2  
  83  12:09  Cyclone  
  86  12:16  Hellion x2  
  90  12:25  Terran Vehicle Weapons Level 2  
  90  12:26  Marine x2  
  92  12:32  Supply Depot  
  92  12:33  Supply Depot  
  92  12:37  Hellion, Terran Infantry Weapons Level 2  
  92  12:43  Marine x2  
  96  12:49  Medivac  
  98  12:56  Starport  
  98  13:01  Marine  
  99  13:30  Medivac  
  73  14:00  Medivac  
  73  14:01  Planetary Fortress  
  75  14:03  SCV x2  
  59  14:15  SCV x2  
  59  14:16  Marine  
  59  14:17  Marine x3  
  49  14:27  SCV  
  49  14:29  Siege Tank x3  
  58  14:34  Marine x4  
  59  14:52  Marine x2  
  60  14:54  Marine x2  
  63  15:01  Siege Tank x2  
  63  15:04  SCV x2  
  71  15:10  Marine x2  
  71  15:12  Marine  
  74  15:28  Marine x3  
  75  15:30  Marine  
  60  15:46  Marine x3  
  60  15:48  Marine  
  35  16:03  Marine  
Show
View Real Time Build Order
Export as new Build Order

ManlyManMeat Protoss - Winner!

Build Orders: 1 Gate Expand 

Get SALT Encoding   

  12  0:00  Probe  
  13  0:12  Probe  
  14  0:19  Pylon  
  14  0:23  Probe  
  15  0:33  Probe  
  15  0:42  Probe  
  16  0:44  Gateway  
  17  0:56  Gateway  
  17  1:08  Probe  
  18  1:11  Assimilator  
  18  1:20  Probe  
  19  1:35  Nexus  
  19  1:40  Probe  
  20  1:53  Cybernetics Core  
  20  1:55  Zealot  
  23  2:01  Probe  
  23  2:16  Pylon  
  23  2:34  Robotics Facility, Probe  
  23  2:36  Gateway  
  24  2:40  Stalker  
  27  2:55  Assimilator, Probe  
  27  2:56  Assimilator  
  29  3:03  Stalker  
  29  3:07  Probe x2  
  31  3:21  Observer, Stalker  
  32  3:28  Probe  
  32  3:30  Probe  
  36  3:36  Probe  
  36  3:37  Stalker  
  37  3:42  Probe  
  37  3:43  Assimilator  
  37  3:45  Probe  
  40  3:54  Stalker, Probe  
  42  3:56  Probe  
  45  4:06  Probe  
  45  4:09  Pylon  
  46  4:22  Pylon  
  46  4:29  Stalker x2  
  46  4:30  Stalker  
  46  4:32  Shield Battery  
  46  4:47  Stalker x2  
  46  4:55  Twilight Council  
  46  5:10  Stalker  
  46  5:11  Stalker x2  
  44  5:26  Observer, Probe  
  44  5:27  Probe  
  50  5:37  Stalker  
  50  5:38  Probe  
  50  5:39  Blink, Probe  
  53  5:53  Warp Prism  
  53  5:54  Stalker x2  
  59  6:08  Robotics Bay  
  59  6:21  Stalker  
  61  6:38  Pylon  
  61  6:40  Pylon  
  61  6:49  Warp Gate  
  61  6:53  Stalker x2  
  61  7:00  Disruptor  
  65  7:06  Nexus  
  69  7:16  Probe x2  
  69  7:19  Stalker  
  73  7:36  Charge, Disruptor  
  77  7:41  Gateway  
  77  7:42  Gateway  
  77  7:44  Gateway  
  77  7:46  Gateway  
  77  7:48  Gateway  
  77  7:49  Gateway  
  77  7:54  Gateway  
  78  7:58  Probe  
  78  7:59  Probe  
  78  8:10  Extended Thermal Lance  
  78  8:18  Probe x2  
  80  8:28  Nexus  
  80  8:30  Probe x3  
  83  8:46  Pylon  
  83  8:51  Probe  
  83  8:54  Probe  
  83  8:55  Probe  
  85  9:07  Zealot x6, Probe  
  85  9:08  Zealot  
  98  9:33  Probe  
  98  9:37  Probe x2  
  89  9:41  Probe  
  89  9:48  Zealot x8  
  89  9:49  Zealot x2, Probe  
  95  10:11  Nexus, Probe x3  
  94  10:15  Pylon  
  94  10:17  Pylon  
  94  10:18  Pylon  
  94  10:20  Pylon  
  94  10:22  Pylon  
  94  10:23  Probe  
  95  10:39  Templar Archives  
  95  10:42  Forge  
  95  10:43  Forge  
  95  10:44  Forge  
  95  10:45  Probe  
  95  10:48  Probe x3  
  99  10:53  Probe  
  99  11:00  Zealot x4, Probe x2  
  99  11:01  Zealot, Probe  
  99  11:02  Protoss Ground Armor Level 1, Protoss Ground Weapons Level 1  
  99  11:03  Protoss Shields Level 1  
  101  11:15  Psionic Storm  
  101  11:19  Zealot, Disruptor  
  107  11:37  Probe x4  
  107  11:38  Probe  
  112  11:49  Stargate, Probe x2  
  112  11:50  Templar Archives  
  114  11:57  Zealot x3  
  120  12:04  Stalker x4  
  128  12:16  Warp Prism  
  128  12:21  Pylon  
  130  12:24  Assimilator  
  130  12:26  Assimilator  
  130  12:27  Assimilator  
  130  12:28  Pylon, Assimilator  
  130  12:29  Pylon  
  130  12:30  Assimilator  
  130  12:32  Assimilator  
  130  12:34  Pylon  
  130  12:35  Phoenix  
  130  12:37  Pylon  
  132  12:44  Warp Prism  
  132  12:50  Resonating Glaives  
  132  12:52  Protoss Air Weapons Level 1  
  132  12:58  Phoenix  
  134  13:00  Zealot x10  
  156  13:23  Zealot x3  
  120  14:33  Warp Prism  
  120  14:49  Robotics Facility  
  120  15:00  Probe x4  
  120  15:01  Probe  
  125  15:08  Warp Prism  
  125  15:09  High Templar x8  
  125  15:10  Zealot x2  
  125  15:12  Probe  
  125  15:13  Archon x2  
  125  15:14  Archon x2  
  128  15:46  Zealot x9  
  128  15:47  Zealot  
  120  16:06  Zealot x5  
  120  16:07  Zealot x5  
Tags
 
Add a new tag
Caveats
  • Supply blocks, unpowered buildings, or Contaminate may cause inaccurate times.
  • Supply counts are checked every 10 seconds.